Map: Arkadia

Players

Verniy - Winner!

  • Race: Terran Terran
  • Spawn Location: 1:00

OTK - Winner!

  • Race: Zerg Zerg
  • Spawn Location: 1:00

Krysis - Winner!

  • Race: Terran Terran
  • Spawn Location: 1:00

인공지능 칸 (정예)

  • Race: Zerg Zerg
  • Spawn Location: 7:00

인공지능 칸 (정예)

  • Race: Terran Terran
  • Spawn Location: 7:00

인공지능 칸 (정예)

  • Race: Terran Terran
  • Spawn Location: 7:00

VOD

Have the link to the VOD?

Description

Time

  • Played on: Sept. 13, 2025, 7:11 a.m.
  • Length: 40:23
Show
View Real Time Build Order
Export as new Build Order

Verniy Terran - Winner!

Build Orders:  

Get SALT Encoding   

  12  0:01  SCV  
  13  0:13  SCV  
  14  0:25  SCV  
  15  0:30  Supply Depot  
  15  0:51  SCV  
  15  0:55  Engineering Bay  
  15  0:56  Refinery  
  16  1:06  Barracks  
  16  1:29  Barracks  
  16  1:36  SCV  
  17  1:42  Refinery  
  17  1:49  SCV  
  18  1:56  Supply Depot  
  18  2:01  SCV  
  19  2:10  Marine  
  20  2:17  Barracks Reactor, Bunker  
  20  2:28  Marine  
  21  2:33  Factory  
  21  2:35  Orbital Command  
  21  2:50  Bunker  
  21  2:54  Barracks Reactor  
  21  2:57  Marine x2  
  23  3:03  SCV  
  24  3:15  SCV, Marine  
  24  3:16  Marine  
  27  3:29  Starport  
  27  3:32  Marine  
  27  3:34  SCV  
  29  3:36  Barracks  
  29  3:45  Bunker  
  29  3:49  Factory Tech Lab  
  29  4:02  Marine x2  
  31  4:14  Supply Depot  
  31  4:35  Liberator, Siege Tank  
  37  4:49  Missile Turret  
  37  4:54  Missile Turret  
  37  4:55  Marine x2  
  39  5:00  Supply Depot  
  39  5:21  Marine x2  
  39  5:22  Medivac, Marine  
  39  5:25  Supply Depot  
  44  5:49  Supply Depot  
  44  5:51  Liberator  
  44  5:52  Command Center  
  47  6:00  Bunker  
  47  6:02  Siege Tank  
  50  6:12  Supply Depot  
  50  6:23  Armory  
  50  6:33  Fusion Core  
  50  6:42  Liberator  
  53  6:56  Marine x2  
  55  7:20  Command Center  
  55  7:25  Engineering Bay  
  55  7:53  Supply Depot  
  55  7:54  Liberator  
  55  7:57  SCV  
  59  8:04  Refinery  
  59  8:16  Supply Depot  
  59  8:28  Refinery  
  59  8:37  Liberator  
  62  8:45  Command Center  
  62  8:48  SCV  
  63  8:58  SCV  
  63  8:59  SCV  
  65  9:10  SCV  
  65  9:12  SCV  
  67  9:22  SCV  
  68  9:24  SCV  
  68  9:29  Siege Tank  
  72  9:34  SCV  
  73  9:44  SCV  
  74  9:54  Command Center  
  74  9:57  Engineering Bay, SCV  
  74  9:58  SCV x2  
  77  10:10  SCV x2  
  77  10:12  SCV  
  80  10:22  SCV  
  80  10:24  SCV  
  80  10:26  Advanced Ballistics  
  82  10:29  Terran Ship Weapons Level 1  
  82  10:34  SCV  
  83  10:36  SCV  
  84  10:46  SCV  
  84  10:47  Supply Depot  
  84  10:48  SCV  
  84  10:49  Supply Depot  
  86  10:51  Supply Depot  
  86  10:58  SCV  
  86  11:00  SCV  
  88  11:08  Planetary Fortress  
  88  11:12  SCV, Supply Depot  
  88  11:15  Engineering Bay  
  88  11:17  Supply Depot  
  89  11:29  Orbital Command  
  89  11:33  Orbital Command  
  78  12:12  Liberator  
  81  12:18  Starport  
  81  12:22  Factory  
  67  12:55  Liberator, Starport  
  63  13:06  Factory  
  58  13:17  Siege Tank  
  59  13:22  Liberator  
  63  13:41  Command Center  
  63  13:49  Siege Tank, Starport Reactor  
  66  13:57  Factory Tech Lab  
  66  13:58  Factory Reactor  
  66  13:59  Liberator  
  66  14:04  Liberator  
  69  14:15  Supply Depot x2  
  69  14:16  Supply Depot x2  
  69  14:36  Siege Tank  
  69  14:37  Supply Depot  
  72  14:38  Supply Depot  
  72  14:39  Supply Depot  
  72  14:40  Supply Depot  
  72  14:42  Viking  
  74  14:47  Viking  
  76  15:03  Terran Ship Weapons Level 2  
  78  15:17  Cyclone x2  
  86  15:24  Refinery, Starport Tech Lab  
  86  15:27  Starport Tech Lab  
  82  15:40  SCV  
  83  15:48  Refinery  
  83  15:49  Cyclone x2  
  88  16:17  Viking x4  
  96  16:47  Viking  
  94  17:19  Terran Vehicle And Ship Armor Level 1  
  94  17:31  Cyclone x2  
  94  17:33  Battlecruiser x2  
  112  18:03  Cyclone  
  115  18:17  Cyclone  
  118  18:35  Cyclone  
  118  18:37  Battlecruiser x2  
  133  18:48  SCV  
  134  18:49  Cyclone  
  137  19:00  SCV  
  138  19:12  Viking x2, SCV  
  143  19:24  SCV  
  143  19:27  Terran Ship Weapons Level 3  
  141  19:36  SCV  
  127  19:41  Battlecruiser  
  127  19:42  Battlecruiser, Viking  
  141  20:00  SCV  
  142  20:12  SCV  
  142  20:13  Viking  
  145  20:18  Supply Depot  
  145  20:23  Weapon Refit  
  145  20:40  Supply Depot  
  145  20:46  Battlecruiser  
  145  20:48  Command Center, Battlecruiser  
  150  21:49  Cyclone x2  
  150  21:51  Viking x3  
  150  21:52  Viking  
  164  21:56  Caduceus Reactor  
  164  22:00  Supply Depot  
  164  22:21  Battlecruiser  
  164  22:22  Battlecruiser  
  170  22:23  Supply Depot  
  170  22:26  Terran Vehicle Weapons Level 1  
  156  22:45  Supply Depot  
  151  23:03  Viking x2  
  155  23:25  Raven  
  155  23:27  Raven  
  159  23:33  Viking  
  151  24:15  Engineering Bay  
  150  24:19  Terran Vehicle And Ship Armor Level 2  
  150  24:23  Viking x3  
  156  24:24  Viking  
  158  24:40  Engineering Bay  
  157  24:47  Command Center  
  148  25:16  Battlecruiser  
  154  25:51  Command Center  
  139  26:14  Viking x3  
  145  26:20  Viking  
  135  27:41  Viking x2  
  139  27:49  SCV  
  140  28:02  SCV  
  132  28:53  Viking x3  
  123  29:33  Raven x2  
  125  29:49  Orbital Command  
  125  30:15  SCV x3  
  128  30:27  SCV x3  
  131  30:39  SCV  
  131  30:40  SCV x2  
  131  30:42  Viking x3  
  140  30:46  Battlecruiser  
  146  30:51  SCV  
  146  30:52  SCV x2  
  149  31:04  SCV  
  150  31:25  Refinery  
  150  31:30  Refinery  
  144  33:39  Viking x2  
  144  33:40  Viking  
  144  33:41  Viking  
  144  34:21  Viking x2  
  144  34:22  Viking  
Show
View Real Time Build Order
Export as new Build Order

OTK Zerg - Winner!

Build Orders: Hatch First 

Get SALT Encoding   

  12  0:00  Drone  
  13  0:08  Drone  
  14  0:16  Overlord  
  14  0:35  Drone x2  
  16  0:49  Drone  
  17  0:50  Drone  
  18  1:01  Hatchery  
  17  1:09  Extractor  
  16  1:11  Spawning Pool  
  16  1:12  Drone  
  16  1:16  Drone  
  17  1:32  Drone x2  
  19  1:39  Drone  
  20  1:53  Drone  
  21  2:08  Overlord  
  21  2:13  Queen x2  
  25  2:16  Drone  
  25  2:17  Drone  
  27  2:24  Drone  
  27  2:29  Drone  
  29  2:35  Drone  
  30  2:38  Drone  
  30  2:43  Drone  
  32  2:46  Drone  
  33  2:55  Queen  
  35  2:59  Drone  
  36  3:09  Metabolic Boost  
  36  3:11  Lair  
  36  3:18  Roach Warren  
  36  3:20  Drone  
  36  3:21  Overlord x4  
  36  3:45  Drone x6  
  42  3:50  Spine Crawler  
  41  3:57  Spine Crawler  
  41  3:59  Roach x5  
  50  4:04  Extractor  
  49  4:10  Evolution Chamber  
  49  4:14  Extractor  
  49  4:15  Drone  
  48  4:22  Drone  
  49  4:29  Drone x2  
  49  4:31  Extractor  
  50  4:36  Zerg Ground Armor Level 1  
  50  4:39  Drone x3  
  53  4:56  Drone x4  
  57  5:09  Hatchery  
  56  5:14  Spire  
  55  5:23  Zergling x24  
  67  5:38  Spire  
  66  6:04  Drone x2  
  67  6:05  Overlord x2  
  67  6:06  Overlord x2  
  68  6:23  Drone  
  69  6:26  Mutalisk  
  69  6:27  Mutalisk x4  
  79  6:33  Drone, Queen  
  79  6:35  Extractor  
  79  6:38  Drone  
  79  6:39  Drone x2  
  84  6:42  Extractor, Zerg Flyer Weapons Level 1  
  83  6:56  Drone  
  83  7:00  Zerg Ground Armor Level 2  
  84  7:08  Zerg Flyer Armor Level 1  
  84  7:10  Drone  
  84  7:13  Infestation Pit  
  84  7:14  Drone  
  85  7:29  Drone x2  
  87  7:30  Drone  
  88  7:52  Mutalisk x3  
  88  7:53  Mutalisk x3  
  88  7:57  Drone x2  
  88  7:58  Drone x2  
  84  8:31  Corruptor  
  84  8:32  Corruptor x5  
  96  8:37  Drone  
  96  8:40  Hive  
  97  8:47  Zerg Flyer Weapons Level 2  
  97  8:52  Zergling x2  
  97  8:53  Zergling x16  
  97  8:55  Overlord x4  
  106  9:16  Zerg Melee Weapons Level 1  
  106  9:40  Mutalisk x5  
  106  9:41  Mutalisk x2, Hatchery  
  106  9:42  Overlord x3  
  119  9:53  Mutalisk  
  119  9:54  Mutalisk x2  
  111  10:32  Mutalisk x6  
  123  10:41  Drone x2  
  125  10:56  Mutalisk x3  
  127  11:03  Greater Spire  
  131  11:05  Hatchery  
  94  11:48  Drone x3, Queen  
  96  12:28  Drone x3  
  97  12:30  Drone x2  
  97  12:36  Spine Crawler  
  98  12:38  Drone x3  
  97  13:04  Mutalisk x11  
  97  13:05  Mutalisk x7  
  123  13:24  Mutalisk x4  
  127  13:44  Drone  
  127  13:45  Drone  
  127  13:46  Drone x2  
  127  13:47  Drone x2  
  133  13:50  Spine Crawler  
  133  13:51  Mutalisk x6  
  133  13:55  Queen  
  144  13:56  Extractor  
  144  13:59  Extractor  
  144  14:01  Extractor  
  143  14:10  Mutalisk x3  
  143  14:14  Drone x2  
  151  14:25  Drone x3  
  154  14:35  Burrow  
  154  14:38  Hatchery  
  151  15:34  Mutalisk x3  
  151  15:35  Mutalisk x4  
  165  15:38  Zerg Flyer Weapons Level 3  
  165  15:39  Zerg Flyer Armor Level 2  
  165  15:56  Roach x4  
  111  16:17  Mutalisk  
  111  16:18  Mutalisk x8  
  125  16:26  Mutalisk x3  
  113  17:06  Mutalisk x9  
  127  17:46  Hatchery  
  126  17:55  Hatchery  
  126  17:57  Mutalisk x5  
  126  17:58  Mutalisk x5  
  125  19:36  Corruptor x12  
  143  19:59  Drone x3  
  146  20:17  Corruptor x8  
  162  20:26  Hatchery  
  117  21:12  Zergling x24  
  117  21:15  Extractor  
  117  21:17  Extractor  
  127  21:25  Extractor  
  118  21:48  Drone  
  118  21:50  Drone  
  120  22:11  Drone x2  
  113  22:26  Adrenal Glands  
  113  22:28  Zerg Flyer Armor Level 3  
  90  22:43  Corruptor  
  90  22:44  Corruptor x6  
  102  22:53  Drone x3  
  105  23:04  Spine Crawler  
  104  23:06  Drone x2  
  106  23:13  Corruptor  
  106  23:14  Corruptor x2  
  106  23:17  Zergling x20  
  122  24:22  Overseer x3  
  122  24:24  Drone x3  
  125  24:55  Hatchery  
  114  25:08  Spine Crawler  
  114  25:09  Spine Crawler  
  114  25:11  Spine Crawler  
  114  25:13  Drone  
  114  25:14  Drone  
  105  26:10  Corruptor x15  
  133  26:18  Zerg Melee Weapons Level 2  
  133  26:27  Brood Lord x2  
  133  26:28  Brood Lord x2  
  133  26:32  Overlord x3  
  141  26:40  Extractor  
  140  27:24  Brood Lord x2  
  140  27:25  Corruptor  
  140  27:26  Corruptor x4  
  154  27:36  Overlord x3  
  154  27:41  Drone  
  154  27:42  Drone  
  142  29:28  Zerg Melee Weapons Level 3  
  136  29:39  Corruptor  
  136  29:40  Corruptor x11  
  160  29:59  Brood Lord x3  
  133  31:20  Zergling x24  
  117  32:28  Brood Lord  
  119  32:31  Brood Lord  
  119  32:33  Brood Lord  
  119  32:35  Brood Lord  
  125  32:37  Brood Lord  
  125  32:39  Brood Lord  
  129  32:47  Corruptor  
  131  33:33  Hatchery  
  130  33:43  Overlord  
  130  33:44  Overlord x11  
  119  36:54  Zergling x16  
  119  36:55  Zergling x8  
  121  38:49  Zergling x2  
  121  38:50  Zergling x22  
  133  39:18  Zergling x16  
  135  39:48  Zergling x24  
Show
View Real Time Build Order
Export as new Build Order

Krysis Terran - Winner!

Build Orders:  

Get SALT Encoding   

  12  0:00  SCV  
  13  0:12  SCV  
  14  0:20  Supply Depot  
  14  0:34  SCV  
  15  0:47  SCV  
  16  0:59  Barracks, SCV  
  17  1:04  Refinery  
  17  1:09  Supply Depot  
  17  1:49  Orbital Command  
  17  2:05  Barracks Reactor  
  17  2:07  Command Center  
  18  2:15  SCV  
  18  2:21  Supply Depot  
  18  2:27  SCV  
  19  2:39  SCV  
  20  2:44  Supply Depot  
  20  2:46  Marine x2  
  20  2:47  Supply Depot  
  22  2:52  SCV  
  23  3:04  Marine x2  
  25  3:10  Bunker  
  25  3:20  Refinery  
  25  3:22  Marine x2  
  27  3:40  Barracks, Marine x2  
  29  4:07  Marine x2  
  31  4:11  SCV  
  32  4:21  Refinery  
  32  4:23  SCV  
  33  4:24  Engineering Bay  
  33  4:25  Marine x2  
  33  4:28  Factory  
  35  4:35  Command Center, SCV, Supply Depot  
  36  4:47  SCV  
  37  4:59  SCV  
  38  5:11  SCV  
  38  5:12  Factory  
  39  5:15  Neosteel Armor  
  39  5:23  SCV  
  39  5:28  Factory Tech Lab  
  40  5:50  Supply Depot  
  40  6:06  Planetary Fortress  
  40  6:11  SCV  
  40  6:15  Bunker  
  40  6:16  SCV  
  40  6:18  Siege Tank, Factory Tech Lab  
  42  6:23  Starport, SCV  
  42  6:25  Supply Depot  
  46  6:28  SCV, Supply Depot  
  47  6:36  SCV  
  47  6:38  Siege Tank  
  51  6:40  SCV  
  52  6:48  SCV  
  52  6:49  Supply Depot  
  52  6:50  Siege Tank  
  52  6:52  SCV  
  57  7:00  SCV  
  58  7:10  Siege Tank  
  61  7:23  Siege Tank  
  64  7:34  Planetary Fortress  
  64  8:03  Starport Reactor  
  64  8:05  Starport  
  62  8:35  Command Center  
  62  8:42  Missile Turret  
  62  9:03  Missile Turret  
  62  9:05  Missile Turret  
  62  9:07  Marine x2  
  64  9:10  Terran Infantry Armor Level 1  
  64  9:15  Armory  
  64  9:18  Supply Depot  
  64  9:24  Marine  
  64  9:25  Marine  
  64  9:29  Refinery  
  66  9:32  Refinery  
  66  9:41  Supply Depot  
  66  9:42  Marine  
  67  9:53  Siege Tank  
  67  9:54  Siege Tank  
  73  10:11  Viking x2  
  73  10:13  Starport Reactor  
  77  10:25  Siege Tank  
  77  10:26  Siege Tank  
  83  10:32  Missile Turret  
  83  10:34  Marine x2  
  85  10:41  Supply Depot  
  85  10:52  Marine x2  
  87  10:57  SCV  
  87  10:58  Siege Tank  
  87  11:03  Supply Depot  
  91  11:04  Terran Infantry Weapons Level 1  
  91  11:09  SCV  
  92  11:21  SCV  
  78  12:24  Viking x2  
  78  12:27  Liberator x2  
  86  12:30  Siege Tank x2  
  91  12:54  Viking x2  
  94  13:02  Siege Tank  
  96  13:09  Liberator  
  96  13:10  Liberator  
  73  13:52  Liberator x2  
  73  13:54  Command Center  
  79  14:16  Liberator x2  
  85  14:35  Liberator, Medivac  
  85  14:36  Supply Depot, Fusion Core  
  90  15:05  Medivac  
  80  16:27  Siege Tank  
  80  16:28  Siege Tank  
  74  16:53  Liberator x2  
  80  16:59  Siege Tank  
  80  17:00  Siege Tank  
  83  17:32  Siege Tank  
  83  17:36  Medivac x2  
  90  17:55  Siege Tank  
  93  18:04  Siege Tank  
  90  18:36  Siege Tank  
  78  19:09  Missile Turret  
  60  19:33  Siege Tank  
  60  19:34  Siege Tank  
  60  19:35  Liberator x2  
  60  19:36  Liberator  
  68  19:52  Marine x2  
  70  20:00  Barracks Reactor  
  70  20:05  Siege Tank  
  70  20:06  Siege Tank  
  76  20:07  Command Center  
  76  20:10  Marine x2  
  78  20:15  Command Center  
  78  20:18  Liberator x2  
  82  20:28  Marine x2  
  84  20:38  Siege Tank x2  
  84  20:42  Orbital Command  
  90  20:46  Marine x2  
  66  21:10  Siege Tank  
  68  21:22  Liberator  
  38  22:21  Marine x2  
  40  22:29  Planetary Fortress  
  40  22:38  Marine  
  40  22:39  Marine, Planetary Fortress  
  42  22:56  Marine x2  
  44  23:14  Marine x2  
  46  23:25  Command Center  
  46  23:38  Marine x2  
  46  23:39  Marine x2  
  47  23:47  Medivac  
  47  23:48  Medivac  
  43  23:56  Marine x2  
  43  23:57  Marine  
  42  24:12  Marine  
  42  24:14  Marine x2  
  44  24:23  Supply Depot  
  44  24:30  Marine  
  45  24:38  Missile Turret  
  45  24:47  Missile Turret  
  45  24:48  Marine  
  45  24:50  Marine x2  
  48  25:06  Marine  
  49  25:07  Marine  
  49  25:08  Marine  
  45  25:24  Marine  
  45  25:25  Marine x2  
  37  25:41  Marine  
  38  25:43  Marine x2  
  40  25:58  Liberator x2  
  40  25:59  Liberator x2  
  52  26:09  Marine x2  
  54  26:14  Barracks Tech Lab  
  53  26:19  Siege Tank  
  53  26:20  Siege Tank  
  59  26:26  Marine x2  
  61  26:42  Liberator  
  61  26:44  Marine x2  
  60  27:02  Marine x2  
  55  27:17  Marine  
  55  27:20  Marine x2  
  58  27:34  Marine  
  59  27:38  Marine x2  
  40  27:52  Marine  
  40  27:55  Marine  
  40  27:56  Marine  
  40  28:10  Marine  
  41  28:13  Marine x2  
  43  28:28  Marine  
  43  28:31  Marine x2  
  41  28:46  Marine  
  42  28:49  Marine x2  
  44  29:03  Marine  
  29  29:21  Marine  
Show
View Real Time Build Order
Export as new Build Order

인공지능 칸 (정예) Zerg 

Build Orders: Pool First 

Get SALT Encoding   

  12  0:01  Drone  
  13  0:12  Overlord  
  13  0:17  Drone  
  14  0:30  Drone x2  
  16  0:42  Spawning Pool  
  15  0:45  Drone  
  15  0:49  Drone  
  17  1:14  Hatchery  
  17  1:15  Drone  
  17  1:18  Extractor  
  16  1:19  Drone, Extractor  
  16  1:24  Drone  
  17  1:28  Drone  
  18  1:38  Drone  
  19  1:49  Overlord  
  19  1:56  Queen  
  21  2:01  Zergling x2  
  22  2:10  Drone  
  23  2:26  Queen  
  23  2:29  Drone  
  26  2:34  Drone  
  27  2:40  Drone  
  28  2:45  Drone  
  29  3:00  Roach Warren  
  29  3:02  Drone  
  29  3:06  Drone  
  29  3:09  Zergling x2  
  29  3:12  Zergling x2  
  32  3:18  Overlord  
  32  3:21  Drone  
  32  3:25  Drone  
  34  3:40  Roach x2  
  34  3:41  Roach  
  40  3:43  Roach  
  40  3:48  Lair  
  42  3:53  Overlord  
  42  3:57  Overlord  
  42  4:01  Zergling x2  
  43  4:03  Zergling x2  
  44  4:11  Drone x2, Zergling x2  
  44  4:13  Drone  
  44  4:15  Drone  
  49  4:17  Drone  
  49  4:22  Overlord  
  50  4:26  Roach  
  50  4:30  Roach  
  54  4:33  Roach  
  54  4:36  Roach  
  58  4:40  Overlord  
  58  4:42  Zergling x2  
  58  4:47  Hydralisk Den  
  58  4:48  Drone  
  58  4:50  Drone  
  59  4:53  Drone  
  59  4:55  Roach  
  59  4:59  Roach  
  64  5:05  Drone  
  65  5:07  Drone  
  65  5:11  Overlord  
  65  5:13  Drone  
  67  5:15  Drone  
  67  5:17  Drone, Hydralisk  
  67  5:20  Hydralisk  
  73  5:23  Hydralisk  
  75  5:28  Hydralisk  
  75  5:31  Overlord  
  75  5:34  Drone  
  75  5:35  Drone  
  79  5:37  Drone  
  79  5:39  Drone  
  79  5:41  Drone  
  82  5:46  Drone  
  84  5:50  Drone x2, Overlord  
  84  5:54  Infestation Pit  
  84  5:56  Drone  
  85  6:06  Metabolic Boost  
  85  6:08  Drone, Baneling Nest  
  85  6:10  Evolution Chamber  
  84  6:23  Evolution Chamber  
  84  6:25  Ravager  
  84  6:28  Evolution Chamber  
  84  6:29  Hatchery  
  84  6:31  Infestor  
  84  6:35  Drone  
  84  6:36  Drone  
  84  6:37  Zerg Missile Weapons Level 1  
  86  6:47  Extractor  
  86  6:49  Drone, Zerg Melee Weapons Level 1  
  86  6:51  Extractor  
  86  6:52  Drone, Infestor  
  86  6:53  Baneling, Zerg Ground Armor Level 1  
  88  6:57  Baneling  
  88  7:02  Baneling  
  88  7:07  Baneling  
  88  7:10  Drone, Overlord  
  88  7:11  Drone x2  
  88  7:13  Drone  
  88  7:14  Drone x2  
  94  7:18  Baneling  
  94  7:21  Baneling  
  94  7:22  Baneling  
  94  7:25  Baneling  
  94  7:27  Baneling  
  94  7:30  Zergling x2, Baneling  
  94  7:32  Baneling  
  94  7:34  Baneling  
  94  7:35  Zergling x2, Overlord, Overseer  
  96  7:37  Spine Crawler  
  96  7:38  Drone  
  96  7:39  Zergling x2  
  96  7:40  Baneling  
  96  7:42  Drone x2  
  96  7:43  Drone  
  96  7:44  Drone x3  
  101  7:45  Drone  
  101  7:46  Drone  
  101  7:47  Drone  
  101  7:48  Drone x2  
  101  7:49  Drone x2  
  101  7:50  Drone  
  101  7:51  Drone x2  
  112  7:52  Baneling  
  112  7:53  Baneling  
  112  7:56  Overlord  
  112  7:57  Baneling  
  113  8:02  Drone, Zergling x2, Baneling  
  113  8:04  Extractor  
  114  8:07  Drone  
  114  8:09  Baneling  
  116  8:12  Zergling x2  
  116  8:13  Drone  
  116  8:17  Baneling  
  116  8:18  Zergling x2, Hydralisk, Overlord, Ravager  
  116  8:19  Drone  
  122  8:20  Centrifugal Hooks  
  122  8:21  Drone, Hydralisk  
  122  8:26  Hydralisk  
  122  8:27  Drone x2, Baneling  
  128  8:28  Baneling  
  128  8:30  Drone  
  130  8:37  Zergling x2, Overlord  
  130  8:40  Hydralisk  
  133  8:44  Infestor  
  133  8:45  Extractor  
  133  8:47  Drone  
  135  8:54  Infestor  
  137  8:56  Overlord  
  137  8:57  Roach  
  139  9:06  Queen  
  139  9:07  Zerg Missile Weapons Level 2, Spine Crawler  
  140  9:16  Overlord  
  140  9:20  Zerg Ground Armor Level 2  
  140  9:29  Neural Parasite  
  140  9:32  Queen  
  140  9:36  Glial Reconstitution  
  142  9:38  Spine Crawler  
  142  9:41  Hatchery  
  142  9:43  Drone  
  141  9:51  Roach, Spore Crawler  
  141  9:52  Drone, Overlord  
  143  9:53  Roach  
  143  9:54  Roach  
  143  9:56  Zergling x2, Spore Crawler  
  143  9:57  Drone, Zergling x2  
  143  9:58  Zergling x2  
  143  9:59  Zergling x2  
  136  10:00  Zergling x4, Spore Crawler  
  136  10:01  Drone, Zergling x2  
  136  10:02  Zergling x2  
  136  10:03  Zergling x4  
  136  10:05  Spine Crawler  
  136  10:06  Drone  
  121  10:07  Spire  
  121  10:09  Drone, Roach  
  121  10:11  Roach  
  121  10:12  Spine Crawler  
  117  10:14  Drone  
  117  10:16  Spine Crawler  
  117  10:17  Hydralisk  
  117  10:18  Drone  
  119  10:24  Roach  
  119  10:26  Hydralisk  
  123  10:29  Hydralisk  
  123  10:32  Hydralisk  
  123  10:35  Hydralisk  
  129  10:45  Infestor  
  131  10:53  Baneling  
  131  10:54  Baneling  
  131  10:55  Zergling x2, Baneling  
  131  10:56  Spore Crawler, Baneling  
  131  10:57  Zergling x2, Baneling  
  132  10:58  Zergling x2  
  132  10:59  Baneling x2  
  132  11:00  Zergling x2, Baneling  
  132  11:02  Spore Crawler, Ravager  
  132  11:03  Roach  
  136  11:05  Baneling x2  
  136  11:06  Zergling x2, Baneling  
  136  11:07  Zergling x2  
  136  11:08  Spine Crawler  
  137  11:13  Infestor  
  137  11:14  Baneling x2  
  137  11:15  Zergling x2, Baneling  
  137  11:16  Baneling  
  137  11:17  Zergling x2  
  137  11:18  Baneling x2  
  141  11:19  Zergling x2  
  141  11:20  Corruptor, Mutalisk, Baneling  
  141  11:21  Baneling  
  141  11:22  Zergling x2, Spore Crawler  
  141  11:23  Baneling  
  145  11:28  Mutalisk  
  147  11:34  Mutalisk  
  149  11:40  Mutalisk  
  149  11:41  Overlord  
  149  11:46  Corruptor  
  151  11:53  Corruptor  
  155  11:55  Hatchery  
  155  11:58  Corruptor  
  156  12:05  Mutalisk  
  156  12:06  Overlord  
  158  12:11  Mutalisk  
  160  12:24  Hive  
  160  12:25  Overlord  
  160  12:36  Zergling x2  
  160  12:37  Zergling x2  
  159  12:38  Zergling x2  
  159  12:40  Zergling x2  
  159  12:41  Zergling x2  
  159  12:42  Zergling x2  
  149  12:52  Zergling x2  
  149  12:56  Corruptor  
  152  12:58  Spine Crawler, Baneling  
  152  12:59  Zergling x2  
  152  13:02  Baneling  
  152  13:03  Zergling x2  
  152  13:04  Zergling x2, Spore Crawler, Baneling  
  141  13:08  Zergling x2  
  141  13:11  Drone  
  141  13:12  Roach, Spine Crawler  
  131  13:13  Hydralisk  
  131  13:15  Baneling  
  131  13:16  Drone, Zergling x2  
  131  13:17  Roach, Hydralisk  
  131  13:18  Drone  
  131  13:19  Baneling  
  126  13:20  Drone, Roach, Spore Crawler  
  126  13:21  Drone, Baneling  
  126  13:23  Drone  
  126  13:24  Drone  
  126  13:25  Drone x2  
  124  13:27  Drone  
  124  13:28  Drone  
  124  13:29  Drone  
  124  13:30  Drone, Baneling  
  124  13:31  Mutalisk  
  124  13:32  Zergling x2  
  124  13:33  Mutalisk, Baneling  
  131  13:36  Corruptor  
  131  13:38  Baneling  
  131  13:39  Zergling x2  
  128  13:42  Roach  
  128  13:44  Mutalisk  
  128  13:47  Extractor  
  131  13:48  Drone  
  131  13:50  Ultralisk Cavern  
  131  13:51  Extractor  
  131  13:52  Drone x2, Mutalisk  
  134  13:56  Zergling x2, Baneling  
  134  13:57  Mutalisk  
  137  14:03  Mutalisk  
  137  14:09  Mutalisk  
  139  14:15  Mutalisk  
  143  14:20  Mutalisk  
  145  14:25  Mutalisk  
  145  14:30  Mutalisk  
  149  14:34  Mutalisk  
  151  14:39  Mutalisk  
  151  14:40  Ultralisk  
  159  14:49  Ultralisk  
  159  14:51  Overseer  
  165  14:53  Overseer  
  165  15:01  Pneumatized Carapace  
  165  15:05  Mutalisk  
  167  15:10  Mutalisk  
  167  15:12  Drone  
  167  15:13  Spine Crawler  
  168  15:14  Mutalisk  
  168  15:15  Drone  
  168  15:20  Mutalisk  
  173  15:22  Overlord  
  173  15:25  Hatchery  
  173  15:26  Mutalisk  
  170  15:30  Drone  
  170  15:31  Drone x2  
  170  15:32  Drone  
  170  15:34  Drone x2  
  164  15:35  Drone  
  164  15:37  Drone  
  164  15:38  Drone  
  164  15:39  Drone  
  164  15:41  Drone  
  165  15:42  Drone  
  165  15:43  Mutalisk  
  165  15:44  Corruptor  
  165  15:45  Corruptor  
  171  15:54  Corruptor  
  173  16:03  Corruptor  
  173  16:05  Hatchery  
  174  16:13  Corruptor  
  176  16:22  Corruptor  
  178  16:32  Extractor  
  177  16:34  Corruptor  
  179  16:42  Corruptor  
  181  16:52  Corruptor  
  181  17:00  Roach  
  163  17:04  Extractor  
  163  17:05  Hydralisk  
  115  17:08  Zergling x2  
  115  17:09  Zergling x2, Roach  
  115  17:10  Roach  
  115  17:14  Hydralisk  
  104  17:17  Zergling x4  
  104  17:18  Zergling x2  
  104  17:19  Zergling x2, Roach  
  104  17:21  Hydralisk  
  102  17:25  Hydralisk  
  100  17:37  Baneling  
  100  17:38  Zergling x2, Baneling  
  100  17:43  Hatchery  
  100  17:47  Ultralisk  
  106  18:02  Ultralisk  
  112  18:12  Roach  
  112  18:15  Roach  
  112  18:17  Roach  
  112  18:18  Zergling x2  
  112  18:19  Zergling x2  
  117  18:21  Zergling x2  
  117  18:22  Zergling x2  
  119  18:27  Zergling x2, Mutalisk  
  119  18:28  Zergling x2  
  119  18:34  Zergling x2  
  120  18:35  Zergling x2  
  120  18:38  Mutalisk  
  120  18:40  Zergling x2  
  120  18:41  Baneling  
  122  18:43  Baneling  
  122  18:44  Zergling x2  
  122  18:47  Mutalisk  
  122  18:48  Baneling  
  125  18:55  Mutalisk  
  125  18:57  Baneling  
  125  18:58  Zergling x2  
  128  19:03  Mutalisk  
  128  19:04  Baneling  
  128  19:05  Zergling x2, Baneling  
  128  19:09  Mutalisk  
  133  19:15  Mutalisk  
  135  19:18  Baneling  
  135  19:21  Mutalisk  
  136  19:37  Zergling x2  
  134  19:38  Zergling x2  
  134  19:40  Zergling x4, Hatchery  
  134  19:41  Zergling x4, Greater Spire  
  134  19:42  Zergling x2  
  134  19:43  Zergling x2  
  134  19:44  Roach x2  
  112  19:46  Roach  
  112  19:47  Roach  
  112  19:49  Roach  
  112  19:52  Corruptor  
  108  19:59  Hydralisk  
  108  20:03  Hydralisk  
  108  20:06  Hydralisk  
  113  20:12  Corruptor  
  113  20:14  Zergling x2  
  115  20:21  Hydralisk  
  115  20:23  Hydralisk  
  115  20:24  Hydralisk  
  115  20:25  Hydralisk  
  123  20:37  Ultralisk  
  123  20:40  Hatchery  
  128  20:46  Hydralisk x2  
  128  20:49  Mutalisk  
  134  20:54  Brood Lord  
  134  20:55  Corruptor  
  138  21:04  Brood Lord  
  138  21:10  Corruptor  
  142  21:23  Ultralisk  
  148  21:30  Hydralisk x2  
  148  21:32  Hydralisk  
  154  21:45  Mutalisk  
  154  21:46  Overlord  
  156  21:55  Mutalisk  
  158  22:05  Mutalisk  
  158  22:06  Extractor  
  157  22:19  Hydralisk  
  157  22:21  Zergling x2  
  157  22:22  Zergling x2  
  128  22:23  Zergling x2  
  128  22:26  Zergling x2, Roach  
  128  22:27  Roach  
  115  22:33  Roach  
  105  22:44  Roach  
  105  22:47  Roach  
  105  22:50  Brood Lord  
  109  22:56  Corruptor  
  111  23:07  Baneling  
  111  23:08  Baneling x2  
  111  23:15  Mutalisk  
  111  23:17  Spine Crawler  
  111  23:19  Brood Lord  
  114  23:24  Spine Crawler  
  114  23:25  Corruptor  
  115  23:33  Queen  
  117  23:37  Mutalisk  
  119  23:42  Baneling  
  119  23:43  Baneling  
  119  23:44  Zergling x2  
  119  23:46  Baneling  
  120  23:51  Hydralisk  
  122  24:00  Hydralisk  
  124  24:06  Hydralisk  
  126  24:14  Hydralisk  
  128  24:22  Spore Crawler, Hydralisk  
  129  24:26  Spore Crawler  
  129  24:31  Spine Crawler  
  127  24:34  Hydralisk  
  129  24:40  Spine Crawler  
  128  24:47  Mutalisk  
  123  25:09  Mutalisk  
  123  25:10  Hatchery  
  124  25:17  Zergling x4  
  124  25:19  Roach  
  124  25:20  Roach  
  124  25:21  Baneling  
  124  25:28  Roach  
  120  25:29  Roach  
  120  25:34  Roach  
  120  25:38  Baneling  
  120  25:39  Zergling x2  
  121  25:45  Overseer  
  121  26:08  Mutalisk  
  123  26:27  Mutalisk  
  125  26:35  Spine Crawler  
  124  26:40  Spine Crawler  
  123  26:53  Infestor  
  125  26:57  Roach  
  125  27:00  Roach  
  129  27:03  Roach  
  131  27:18  Spore Crawler  
  127  27:22  Spore Crawler  
  121  27:31  Infestor  
  121  27:35  Zergling x2  
  119  27:40  Drone  
  108  27:46  Zergling x2, Roach  
  108  27:51  Roach  
  111  27:56  Hydralisk  
  113  28:03  Hydralisk  
  115  28:08  Hydralisk  
  117  28:15  Hydralisk  
  117  28:17  Zergling x2, Baneling  
  117  28:18  Baneling  
  120  28:21  Hydralisk  
  120  28:25  Baneling  
  120  28:26  Zergling x2  
  123  28:33  Hydralisk, Baneling  
  123  28:39  Zergling x2, Baneling  
  126  28:42  Hydralisk  
  128  28:49  Hydralisk  
  128  28:55  Hydralisk  
  130  29:01  Hydralisk  
  134  29:13  Mutalisk  
  135  29:26  Mutalisk  
  137  29:38  Mutalisk  
  139  29:50  Mutalisk  
  141  30:02  Mutalisk  
  143  30:15  Mutalisk  
  145  30:25  Hydralisk  
  145  30:27  Hydralisk  
  149  30:33  Hydralisk  
  151  30:46  Mutalisk  
  153  31:00  Mutalisk  
  155  31:14  Mutalisk  
  155  31:26  Mutalisk  
  157  31:36  Roach  
  157  31:38  Hydralisk  
  157  31:39  Roach  
  150  31:42  Roach  
  150  31:45  Roach  
  130  31:49  Roach  
  130  31:51  Zergling x2  
  108  31:55  Overseer  
  108  31:58  Zergling x2  
  108  32:01  Roach  
  72  32:14  Hydralisk  
  61  32:25  Hydralisk  
  63  32:35  Hydralisk  
  63  32:36  Zergling x2  
  56  33:12  Drone x2  
  51  33:17  Drone  
  51  33:20  Drone  
  51  33:24  Drone  
  51  33:29  Drone  
  46  35:24  Zergling x2  
  46  35:25  Zergling x2  
  22  35:35  Roach  
  20  37:09  Zergling x2  
Show
View Real Time Build Order
Export as new Build Order

인공지능 칸 (정예) Terran 

Build Orders:  

Get SALT Encoding   

  12  0:01  SCV  
  13  0:13  SCV  
  14  0:18  Supply Depot  
  14  0:25  SCV  
  15  0:29  Refinery  
  15  0:40  SCV  
  16  0:47  Barracks  
  16  0:52  SCV  
  17  1:04  SCV  
  18  1:16  SCV  
  19  1:35  Factory  
  19  1:37  Orbital Command, Marine, Supply Depot  
  20  1:49  Barracks  
  20  1:55  Marine  
  21  2:02  SCV  
  21  2:04  Refinery  
  22  2:13  Marine  
  22  2:15  SCV  
  24  2:21  Factory Tech Lab, Supply Depot  
  24  2:27  SCV  
  25  2:31  Marine  
  25  2:35  Marine  
  27  2:42  Siege Tank  
  30  2:45  SCV  
  30  2:48  Marine  
  32  2:53  Marine  
  33  2:59  SCV, Supply Depot  
  34  3:06  Marine  
  34  3:11  Marine  
  36  3:14  Siege Tank  
  39  3:20  SCV  
  39  3:24  Marine  
  41  3:28  Marine  
  41  3:30  Supply Depot  
  42  3:38  SCV  
  43  3:45  Barracks Tech Lab  
  43  3:47  Siege Tank  
  43  3:48  Barracks Tech Lab  
  46  3:50  SCV  
  47  3:58  Supply Depot  
  47  4:03  Marine, SCV  
  47  4:06  Marine  
  50  4:15  SCV  
  51  4:20  Supply Depot  
  51  4:21  Marine  
  51  4:24  Marine  
  52  4:27  SCV  
  54  4:39  SCV, Marauder  
  54  4:42  Marauder  
  59  4:51  SCV  
  59  4:52  Stimpack, Combat Shield  
  60  5:00  Supply Depot  
  60  5:01  Marauder  
  60  5:03  Engineering Bay, Marauder  
  64  5:17  Command Center  
  64  5:22  Marauder  
  66  5:30  Marauder  
  66  5:31  Terran Infantry Weapons Level 1  
  68  5:44  Marauder  
  68  5:47  Engineering Bay  
  70  5:51  Marauder  
  70  5:56  Supply Depot  
  72  6:07  Barracks  
  72  6:10  Concussive Shells  
  72  6:11  Marauder  
  74  6:13  Terran Infantry Armor Level 1  
  74  6:15  Marauder  
  76  6:22  Siege Tank  
  79  6:30  Supply Depot  
  79  6:34  Starport  
  79  6:40  SCV  
  79  6:43  SCV  
  81  6:53  SCV  
  82  6:54  Barracks Reactor  
  82  6:55  SCV  
  83  7:05  SCV  
  83  7:07  Refinery, SCV  
  85  7:11  Starport Reactor  
  85  7:16  Marauder x2  
  85  7:17  SCV  
  85  7:19  SCV  
  91  7:27  Missile Turret  
  91  7:29  SCV  
  92  7:32  SCV  
  92  7:34  Missile Turret  
  93  7:37  Marauder  
  93  7:41  SCV  
  95  7:47  Command Center  
  95  7:52  Orbital Command  
  95  7:54  SCV  
  96  7:59  Hellion  
  96  8:04  Supply Depot  
  98  8:11  Marine  
  99  8:16  Marine x2  
  99  8:17  Marine  
  96  8:20  Hellion  
  96  8:24  Armory  
  98  8:29  Marine  
  99  8:38  Armory  
  99  8:41  Hellion  
  99  8:47  Marauder  
  98  8:51  Marauder  
  100  9:00  SCV x2  
  100  9:02  Siege Tank, SCV  
  106  9:12  Terran Vehicle And Ship Armor Level 1, SCV, Terran Infantry Weapons Level 2  
  106  9:15  SCV  
  108  9:17  SCV  
  108  9:24  SCV  
  110  9:25  Terran Vehicle Weapons Level 1  
  110  9:27  SCV  
  110  9:29  SCV  
  112  9:35  Siege Tank  
  112  9:36  SCV  
  112  9:37  Supply Depot  
  116  9:39  Liberator, SCV  
  116  9:41  SCV  
  120  9:47  Liberator  
  120  9:48  SCV  
  120  9:51  SCV  
  125  9:53  SCV  
  126  10:00  SCV  
  126  10:02  Supply Depot  
  126  10:03  SCV  
  126  10:06  SCV  
  131  10:07  Hellion  
  131  10:13  Refinery  
  131  10:14  Refinery  
  131  10:19  Orbital Command  
  131  10:22  Liberator, Missile Turret  
  131  10:27  Missile Turret  
  131  10:28  Siege Tank, Supply Depot  
  137  10:30  Liberator  
  140  10:35  Barracks  
  140  10:37  SCV  
  140  10:38  SCV  
  142  10:45  Refinery  
  142  10:49  SCV  
  143  10:50  SCV  
  143  10:52  Missile Turret, SCV  
  143  10:56  Marine, Supply Depot  
  146  10:59  Marine  
  146  11:00  Widow Mine  
  146  11:01  SCV  
  150  11:04  Liberator  
  153  11:13  Liberator  
  153  11:15  Missile Turret  
  153  11:18  SCV  
  157  11:19  SCV  
  157  11:21  Terran Vehicle Weapons Level 2, Supply Depot  
  157  11:25  SCV  
  158  11:27  Marine  
  158  11:29  Marine  
  160  11:33  Factory  
  160  11:34  Marine  
  160  11:35  Marine  
  160  11:43  Hellion  
  160  11:46  Supply Depot  
  153  11:47  Medivac  
  153  11:52  Marauder  
  146  11:56  Liberator  
  146  11:58  Fusion Core  
  143  12:03  Marauder  
  143  12:04  Hellion  
  143  12:06  Command Center, Marine  
  143  12:08  Marine  
  140  12:13  Marauder  
  130  12:16  Hellion  
  130  12:17  Liberator  
  132  12:25  Marauder  
  132  12:26  Hellion  
  134  12:35  Marauder  
  136  12:38  Hellion  
  136  12:39  Liberator  
  136  12:40  Factory  
  136  12:41  Marine  
  138  12:46  Marauder  
  138  12:47  Hellion  
  138  12:49  Marine  
  133  12:56  Marauder  
  132  13:00  Liberator, Factory Tech Lab  
  132  13:04  Marine x2  
  129  13:08  Siege Tank, Marauder  
  132  13:17  Marauder  
  132  13:19  Thor  
  140  13:20  SCV  
  140  13:21  Missile Turret, SCV  
  140  13:22  Liberator  
  140  13:25  Hellion  
  141  13:29  Marauder  
  143  13:39  Refinery, Marauder  
  143  13:40  Thor  
  151  13:43  Liberator  
  151  13:44  Missile Turret, Infernal Pre-Igniter  
  154  13:50  Missile Turret  
  154  13:51  Command Center, Marine  
  154  13:52  Marine  
  154  13:54  Refinery  
  156  14:02  Siege Tank  
  159  14:04  Liberator  
  162  14:13  Supply Depot  
  162  14:18  Marine  
  162  14:19  Marine  
  162  14:20  Missile Turret  
  162  14:22  Terran Infantry Weapons Level 3  
  162  14:23  Siege Tank  
  167  14:26  Liberator  
  170  14:39  Siege Tank  
  170  14:43  SCV, Hellion  
  175  14:47  Liberator  
  175  14:50  Marine  
  175  14:52  Marine  
  180  14:53  Marine  
  180  14:59  Marine  
  182  15:01  Marine  
  183  15:08  Liberator, Marine  
  183  15:10  Marine  
  183  15:12  Refinery  
  188  15:18  Refinery  
  188  15:30  Liberator  
  191  15:51  Medivac  
  191  15:56  Terran Infantry Armor Level 2  
  193  16:00  Marine  
  193  16:02  Terran Vehicle Weapons Level 3, Marine  
  179  16:07  Siege Tank  
  181  16:13  Liberator  
  181  16:16  Command Center  
  184  16:19  Marauder  
  184  16:20  Marauder  
  184  16:21  Liberator  
  182  16:37  Thor  
  174  16:42  Hellion  
  174  16:43  Marine  
  174  16:45  Hellion  
  133  16:48  Marine  
  133  16:49  Marine  
  133  16:53  Marine  
  122  16:54  Marine  
  122  16:56  Viking, Planetary Fortress  
  125  17:01  Marine  
  125  17:02  Missile Turret  
  125  17:03  Siege Tank  
  125  17:04  Viking  
  125  17:06  Hellion, Marauder  
  125  17:07  Missile Turret, Marine  
  136  17:11  Marine  
  136  17:12  Missile Turret  
  136  17:13  Marine  
  138  17:17  Missile Turret  
  138  17:19  Marine  
  138  17:21  Hellion  
  141  17:26  Liberator  
  141  17:28  Missile Turret, Marauder  
  146  17:31  Hellion  
  146  17:32  Missile Turret  
  146  17:33  Planetary Fortress  
  146  17:34  Viking  
  146  17:35  Siege Tank  
  152  17:37  Marauder  
  152  17:38  SCV  
  152  17:40  Missile Turret  
  152  17:41  Marine  
  152  17:42  Hellion  
  158  17:47  Refinery  
  158  17:49  Marauder  
  160  17:53  Hellion  
  160  17:54  Missile Turret  
  162  17:59  Missile Turret, Marauder  
  162  18:03  Widow Mine  
  162  18:04  Medivac  
  162  18:05  Missile Turret  
  168  18:07  Siege Tank  
  168  18:08  Liberator  
  168  18:10  Marauder  
  175  18:13  Starport  
  175  18:14  SCV, Widow Mine  
  175  18:17  Refinery, Marine  
  175  18:19  Marine  
  179  18:20  Marauder  
  179  18:22  SCV  
  179  18:23  Marine  
  183  18:31  Marine  
  183  18:33  SCV  
  183  18:34  Liberator  
  183  18:38  SCV  
  186  18:42  Marauder  
  188  18:49  Marauder  
  188  18:51  Command Center  
  188  18:52  Starport Tech Lab  
  190  18:57  Missile Turret  
  190  18:58  SCV  
  190  19:02  SCV  
  190  19:03  Hi-Sec Auto Tracking, Marauder  
  190  19:05  Barracks Tech Lab, Barracks, Factory Tech Lab, Neosteel Armor  
  190  19:06  Terran Vehicle And Ship Armor Level 2  
  190  19:10  SCV  
  190  19:11  Viking  
  190  19:12  Viking, SCV  
  195  19:20  Command Center  
  195  19:21  Marine  
  195  19:22  Marine  
  190  19:24  Marine  
  190  19:25  Marine  
  190  19:27  Refinery, Marauder  
  179  19:32  Viking  
  170  19:38  Refinery  
  170  19:39  Marine  
  170  19:40  Marine  
  170  19:41  Liberator  
  170  19:42  Liberator, Marine  
  170  19:43  Marine  
  180  19:49  Marauder  
  165  19:57  Marauder  
  162  20:00  Marauder  
  162  20:02  Viking  
  166  20:19  SCV  
  166  20:21  Marauder  
  168  20:24  Liberator  
  168  20:25  Viking  
  172  20:32  Viking  
  171  20:50  SCV  
  171  20:51  SCV  
  171  20:55  Liberator  
  169  21:00  Marauder  
  169  21:02  Viking, Marauder  
  169  21:04  Marauder  
  156  21:05  Marine  
  156  21:06  Liberator, Marine  
  156  21:07  Marine  
  126  21:21  Marine  
  126  21:22  Marine  
  126  21:23  Missile Turret, Marine x2  
  126  21:24  Marine  
  126  21:25  Marine  
  130  21:28  Siege Tank  
  130  21:29  Siege Tank  
  130  21:32  Medivac  
  138  21:37  Hellion  
  138  21:38  Liberator  
  138  21:39  Marine  
  144  21:40  Marine  
  144  21:41  Marine  
  144  21:42  Marine  
  144  21:43  Marine  
  144  21:44  Marine  
  148  21:48  SCV  
  148  21:49  Medivac  
  148  21:53  Ghost Academy  
  151  21:57  Marauder  
  151  21:58  Marine  
  151  21:59  Marine x2  
  156  22:02  Viking  
  156  22:03  Hellion x2  
  156  22:05  Command Center  
  162  22:16  Marine  
  162  22:17  Missile Turret  
  162  22:19  Viking  
  162  22:21  Viking  
  167  22:23  Refinery  
  158  22:30  Ghost  
  158  22:32  Viking  
  158  22:33  Marauder  
  158  22:34  Missile Turret  
  158  22:35  Marauder  
  149  22:37  Marine  
  149  22:39  Marine  
  149  22:40  Refinery, Marine  
  141  22:48  Siege Tank  
  141  22:49  Liberator  
  141  22:51  Liberator  
  135  22:53  Ghost  
  135  22:56  Marauder  
  140  22:59  Marine x3  
  140  23:00  Marine  
  140  23:02  Medivac  
  146  23:16  Marine  
  146  23:17  Ghost  
  146  23:18  Marine, Planetary Fortress, Marauder  
  146  23:19  Marine  
  153  23:22  Marauder  
  155  23:28  SCV  
  155  23:32  Liberator, Viking  
  163  23:34  Raven, Marine  
  163  23:39  Ghost  
  167  23:44  Marauder  
  169  24:02  Viking  
  171  24:05  Marauder  
  171  24:08  Liberator  
  176  24:15  Medivac  
  178  24:21  Marauder  
  178  24:22  Marauder  
  182  24:32  Liberator  
  185  24:41  Hellion  
  185  24:42  Hellion  
  185  24:44  Liberator  
  191  24:51  Viking  
  190  24:54  Hellion  
  190  24:57  SCV  
  190  24:58  SCV  
  185  25:01  SCV  
  185  25:03  SCV x2  
  168  25:09  SCV  
  168  25:11  Marine, SCV  
  168  25:13  SCV, Marauder  
  168  25:14  Marine  
  156  25:15  Viking, SCV  
  156  25:16  Marine, Marauder  
  156  25:17  Marine  
  156  25:20  Liberator  
  150  25:21  SCV  
  150  25:22  SCV  
  150  25:27  Viking  
  144  25:29  Marine  
  144  25:33  Marine  
  144  25:34  Marine x2  
  120  25:35  Command Center, Marine  
  120  25:37  Marauder  
  110  25:44  Missile Turret  
  110  25:45  Liberator  
  110  25:47  Marauder  
  115  25:52  Marine x2  
  115  25:53  Marine, Marauder  
  120  25:57  Viking  
  120  25:58  Marine  
  120  25:59  Siege Tank  
  120  26:00  Siege Tank, Hellion  
  120  26:04  Battlecruiser  
  137  26:05  Missile Turret  
  137  26:08  Ghost  
  137  26:10  Marine x2  
  142  26:13  Marine x2  
  142  26:16  Marauder  
  145  26:25  Siege Tank  
  148  26:27  Liberator, Medivac, Marine  
  148  26:31  Siege Tank, Marine  
  158  26:35  Marine  
  158  26:37  Marauder  
  158  26:38  Marauder  
  158  26:39  Siege Tank  
  166  26:46  Marine  
  152  26:48  Marine  
  152  26:51  Marine  
  152  26:53  Marine  
  130  26:57  Viking, Siege Tank  
  130  26:58  Marine  
  130  26:59  Marauder  
  138  27:04  Hellion  
  138  27:08  Viking  
  136  27:09  Marine  
  136  27:10  Viking, Marine  
  136  27:11  Hellion  
  136  27:13  Marine  
  136  27:15  Marine  
  126  27:16  Marine  
  126  27:20  Marine  
  127  27:26  Hellion  
  127  27:27  Viking, Marine  
  127  27:28  Marine  
  133  27:34  Marauder  
  134  27:38  Viking, Marauder  
  134  27:40  Viking  
  138  27:57  Viking  
  138  28:08  Battlecruiser  
  138  28:10  Viking  
  137  28:27  Viking  
  132  28:40  Viking  
  103  28:43  Marine  
  103  28:44  Marine  
  103  28:47  Marine  
  75  28:52  Marine  
  75  28:53  Marine  
  75  28:54  Marine  
  69  28:56  Hellion  
  69  28:57  Liberator  
  69  28:58  Siege Tank, Hellion  
  69  29:01  Marine  
  69  29:02  Marine  
  74  29:05  Marine  
  74  29:10  Viking  
  76  29:17  Siege Tank  
  76  29:19  Hellion  
  79  29:38  Command Center  
  58  30:44  SCV  
  58  30:47  Marine  
  53  30:50  Marine x3  
  53  30:51  Marine  
  41  31:25  SCV  
  42  31:30  SCV  
  43  31:36  SCV  
  44  32:03  SCV  
  41  32:10  Marine  
  28  32:19  Marine  
  11  33:17  SCV x2  
  11  33:21  SCV  
  3  34:41  SCV  
  4  34:46  SCV  
  5  36:05  SCV  
  6  36:20  SCV  
  7  36:50  SCV  
Show
View Real Time Build Order
Export as new Build Order

인공지능 칸 (정예) Terran 

Build Orders:  

Get SALT Encoding   

  12  0:01  SCV  
  13  0:13  SCV  
  14  0:19  Supply Depot  
  14  0:25  SCV  
  15  0:30  Refinery  
  15  0:40  SCV  
  16  0:47  Barracks  
  16  0:52  SCV  
  17  1:04  SCV  
  17  1:08  Supply Depot  
  18  1:17  SCV  
  19  1:29  SCV  
  20  1:36  Factory  
  20  1:37  Marine  
  21  1:42  Barracks  
  21  1:46  SCV  
  22  1:55  Marine  
  22  1:58  SCV  
  24  2:03  Supply Depot  
  24  2:10  SCV  
  24  2:13  Marine  
  26  2:19  Factory Tech Lab  
  26  2:22  SCV  
  27  2:30  Marine  
  27  2:34  SCV  
  27  2:35  Marine  
  30  2:40  Siege Tank  
  33  2:46  SCV  
  34  3:05  Command Center, SCV  
  35  3:18  Orbital Command, Refinery  
  35  3:28  Marine  
  35  3:31  Marine  
  37  3:44  SCV  
  37  3:46  Marine  
  39  3:49  Supply Depot  
  39  3:58  Barracks  
  39  4:05  Barracks Tech Lab  
  39  4:11  SCV, Marine  
  40  4:17  SCV  
  40  4:23  SCV, Marine  
  43  4:29  SCV  
  43  4:30  Barracks Tech Lab, Stimpack  
  44  4:35  SCV  
  45  4:41  SCV, Marine  
  45  4:45  Marine  
  48  4:47  SCV  
  48  4:48  Refinery, Combat Shield  
  48  4:49  Marauder  
  51  4:53  SCV  
  51  4:59  SCV, Marauder  
  55  5:03  Supply Depot  
  55  5:05  SCV  
  56  5:10  Marauder  
  56  5:11  SCV  
  59  5:18  SCV  
  59  5:20  Marauder  
  62  5:24  SCV  
  62  5:27  Supply Depot  
  63  5:30  SCV  
  63  5:31  Marauder  
  63  5:35  Marine  
  67  5:36  SCV  
  67  5:37  Engineering Bay  
  67  5:42  Engineering Bay, Marauder  
  70  5:49  SCV  
  71  5:52  Starport, Marine  
  71  5:53  Command Center, Barracks Reactor  
  72  6:03  Marauder  
  74  6:04  Terran Infantry Weapons Level 1  
  74  6:08  Terran Infantry Armor Level 1  
  74  6:12  SCV, Supply Depot  
  74  6:14  SCV  
  76  6:29  Medivac  
  78  6:33  SCV  
  78  6:34  SCV, Marauder  
  78  6:35  Concussive Shells  
  78  6:36  Supply Depot, Marauder  
  84  6:46  SCV  
  85  6:48  Orbital Command  
  85  6:54  Missile Turret  
  85  6:57  Missile Turret  
  85  6:58  Marauder x2  
  85  7:01  Supply Depot  
  89  7:05  Medivac, SCV  
  89  7:06  SCV  
  89  7:07  Marine x2  
  95  7:18  Orbital Command, Missile Turret, SCV  
  95  7:19  Marauder x2  
  95  7:20  SCV  
  101  7:23  Missile Turret  
  101  7:30  SCV  
  101  7:31  Barracks  
  101  7:32  SCV, Marine  
  101  7:34  Medivac  
  106  7:38  Marine  
  106  7:39  Supply Depot  
  106  7:40  Marine x2  
  106  7:42  SCV  
  110  7:44  SCV x2  
  110  7:47  Hellion  
  114  7:54  SCV  
  115  8:01  SCV x2  
  115  8:02  Supply Depot  
  117  8:06  Armory, Starport Reactor, SCV  
  117  8:08  Hellion  
  120  8:13  SCV  
  121  8:24  Missile Turret, SCV  
  121  8:26  Supply Depot, Marauder x2  
  126  8:29  Hellion  
  128  8:42  Viking, Medivac  
  128  8:47  Factory  
  132  8:49  Marauder  
  132  8:51  Hellion  
  132  8:52  Starport  
  132  8:55  Command Center, Refinery, Terran Infantry Weapons Level 2  
  136  8:57  Refinery  
  136  9:02  Missile Turret  
  136  9:04  Supply Depot  
  136  9:06  Hi-Sec Auto Tracking  
  136  9:12  Viking  
  136  9:16  Marine x2, Marauder  
  125  9:17  SCV  
  125  9:21  SCV x2  
  128  9:25  Siege Tank  
  128  9:29  SCV, Supply Depot, Starport Tech Lab  
  132  9:31  Factory Tech Lab  
  132  9:34  Marauder  
  134  9:43  Refinery  
  133  9:48  Raven  
  133  9:50  Siege Tank  
  138  9:54  Supply Depot  
  138  9:57  Siege Tank  
  138  9:58  Marine  
  138  9:59  Marine x2  
  144  10:00  Marine x2  
  144  10:03  Neosteel Armor  
  144  10:06  SCV x2  
  148  10:09  SCV x2  
  150  10:16  Liberator, Marine  
  150  10:18  Refinery  
  150  10:20  Supply Depot  
  154  10:21  Refinery  
  154  10:22  Siege Tank  
  154  10:24  Liberator  
  160  10:29  Siege Tank  
  160  10:34  Raven  
  165  10:45  Missile Turret, Marine  
  165  10:48  Missile Turret  
  166  10:51  Supply Depot  
  166  10:54  Siege Tank  
  169  10:58  Marine x2  
  169  10:59  Liberator, Marine  
  169  11:03  Barracks, Marine  
  176  11:07  Liberator  
  176  11:08  Liberator  
  176  11:09  Terran Vehicle Weapons Level 1, SCV  
  182  11:18  Command Center  
  182  11:20  Supply Depot  
  182  11:27  Missile Turret, SCV  
  182  11:28  SCV  
  182  11:31  SCV  
  182  11:32  Armory, SCV  
  174  11:33  Marine  
  174  11:36  Marauder  
  168  11:40  Marine, SCV  
  168  11:41  Liberator  
  163  11:50  Liberator, Missile Turret, Marine  
  163  11:51  Liberator, Marauder  
  172  11:56  Ghost Academy  
  172  11:57  Marauder  
  162  12:13  Marauder  
  160  12:18  Marauder  
  160  12:20  Marine x2  
  160  12:22  Marine  
  165  12:24  Liberator  
  165  12:29  Marine  
  160  12:32  Refinery  
  160  12:33  Liberator x2  
  160  12:34  Marine  
  160  12:37  Refinery  
  161  12:38  Marine  
  161  12:39  Ghost  
  161  12:42  Marine  
  161  12:43  Marine  
  162  12:48  Marine  
  160  12:52  Marauder  
  160  12:55  Marine  
  156  13:00  Marine  
  156  13:01  Marine  
  155  13:06  Marine  
  155  13:07  Liberator  
  155  13:08  Marine  
  155  13:09  Command Center  
  156  13:13  Marine, Marauder  
  156  13:16  Liberator x2  
  156  13:18  Marine  
  156  13:19  Marine  
  158  13:24  Marine  
  158  13:26  Marauder  
  149  13:31  Marine, Planetary Fortress x2  
  139  13:35  Marauder  
  139  13:37  Missile Turret, Marine  
  139  13:40  Marine  
  139  13:42  Missile Turret, Marine  
  139  13:46  Missile Turret  
  139  13:47  Ghost  
  143  13:49  Marine  
  143  13:50  Medivac  
  143  13:52  Missile Turret  
  143  13:55  Ghost  
  146  13:57  Missile Turret  
  146  13:58  Liberator, Marine  
  146  13:59  Banshee, Marine  
  146  14:00  Missile Turret  
  157  14:08  Marine  
  157  14:09  Marine  
  159  14:16  Marine, Marauder  
  162  14:18  Marine  
  162  14:20  Liberator  
  166  14:25  Marine, Marauder  
  169  14:37  Marauder  
  171  14:41  Liberator  
  171  14:42  Liberator  
  171  14:45  Refinery, Ghost, Planetary Fortress  
  177  14:50  Missile Turret  
  180  14:58  SCV  
  180  14:59  Missile Turret, Marauder  
  182  15:03  Liberator  
  182  15:07  Missile Turret  
  185  15:10  SCV  
  185  15:14  SCV, Ghost  
  185  15:20  Command Center, Marauder  
  190  15:23  Barracks Tech Lab  
  190  15:24  Liberator  
  190  15:25  Liberator  
  193  15:45  Liberator  
  196  16:07  Liberator  
  196  16:09  Cloaking Field  
  199  16:14  Terran Infantry Weapons Level 3  
  199  16:15  Terran Infantry Armor Level 2  
  199  16:17  Personal Cloaking  
  198  16:19  Liberator, Fusion Core  
  197  16:26  Marauder  
  197  16:29  SCV  
  197  16:32  Planetary Fortress  
  194  16:34  Liberator  
  197  16:57  Command Center, Viking  
  199  17:08  Advanced Ballistics  
  199  17:45  Nuke  
  199  17:46  SCV x2  
  199  18:28  Command Center  
  199  18:32  Terran Infantry Armor Level 3  
  199  18:56  Raven  
  199  19:00  SCV  
  199  19:02  Marauder x2  
  188  19:03  Marauder  
  188  19:04  Viking  
  188  19:05  Viking  
  188  19:07  SCV  
  170  19:14  Marine  
  170  19:15  Marine  
  155  19:17  Marine  
  155  19:22  Ghost  
  155  19:23  Marine  
  141  19:25  Marauder  
  141  19:30  Liberator  
  146  19:33  Marine  
  146  19:34  Liberator  
  146  19:35  Liberator  
  153  19:42  Marauder  
  155  19:45  Ghost  
  155  19:52  Marauder  
  158  20:03  Marauder  
  160  20:13  Medivac, Marauder  
  164  20:15  Marauder  
  164  20:17  Medivac  
  164  20:18  Viking  
  170  20:24  Marauder  
  171  20:37  SCV  
  172  20:43  Liberator  
  172  20:47  Liberator, Viking  
  172  20:57  Marine  
  172  20:58  Marine  
  172  20:59  Marine  
  172  21:00  Marine  
  172  21:01  Marine  
  172  21:02  Marine  
  158  21:14  Marine  
  158  21:16  Marine  
  158  21:17  Viking, Marine  
  163  21:18  Ghost, Marine  
  167  21:26  Battlecruiser  
  167  21:30  Liberator, Nuke  
  168  21:33  Marauder  
  168  21:34  Marauder  
  168  21:37  Hellion  
  168  21:38  Hellion  
  163  21:42  Marine  
  163  21:46  Liberator  
  156  21:47  Marine  
  156  21:48  Marauder  
  157  21:54  Marauder  
  157  21:55  Marine  
  157  21:56  Marauder  
  157  21:58  Hellion  
  164  22:09  Marine, Marauder  
  164  22:13  Liberator, Hellion  
  172  22:16  Marauder  
  172  22:19  Hellion  
  176  22:29  Liberator  
  179  22:30  Battlecruiser  
  179  22:34  Hellion  
  187  22:56  Liberator  
  190  23:12  Viking  
  192  23:32  Marine, Marauder  
  192  23:33  Marine  
  187  23:34  Viking  
  187  23:35  Marine, Marauder  
  187  23:36  Marine  
  187  23:39  Viking  
  181  23:42  Viking  
  147  23:50  Marine  
  147  23:52  Marine  
  147  23:53  Marine  
  107  23:56  Marauder  
  107  23:57  Marine x2  
  107  23:59  Nuke  
  111  24:04  Viking  
  111  24:08  Ghost  
  111  24:09  Liberator  
  119  24:10  Marine  
  119  24:11  Ghost  
  119  24:12  Liberator  
  119  24:14  Marine  
  119  24:16  Marine  
  125  24:17  Marine  
  126  24:27  Marine  
  127  24:32  Marine  
  127  24:34  Battlecruiser, Marine  
  127  24:35  Ghost  
  127  24:36  Hellion x2  
  127  24:37  Marine  
  142  24:40  Marine  
  143  24:48  Marine  
  143  24:50  Marine  
  143  24:51  Liberator  
  143  24:52  Marine  
  149  24:54  Ghost  
  149  24:55  Viking  
  149  24:57  Marine  
  155  25:00  Hellion  
  155  25:01  Hellion  
  155  25:05  Marauder  
  161  25:16  Marauder  
  163  25:22  Hellion  
  163  25:24  Marauder  
  163  25:25  Viking  
  166  25:30  Marauder  
  166  25:34  Liberator  
  171  25:37  Marauder  
  171  25:38  Viking  
  175  25:55  Liberator  
  172  25:59  Marauder  
  172  26:01  Marine, Marauder  
  172  26:02  Marine x2  
  172  26:03  Marine  
  153  26:08  Battlecruiser  
  153  26:10  Siege Tank  
  137  26:11  Siege Tank  
  137  26:17  Viking  
  131  26:20  Marine x2, Marauder  
  131  26:21  Marine  
  131  26:22  Marine x2  
  137  26:37  Marine  
  137  26:38  Viking, Marine  
  137  26:39  Marine, Marauder  
  143  26:40  Marine  
  143  26:41  Marine  
  143  26:42  Siege Tank  
  143  26:43  Widow Mine  
  151  26:49  Viking  
  150  26:59  Marine x2  
  150  27:01  Marine, Marauder  
  154  27:02  Marine  
  154  27:03  Marine  
  154  27:05  Cyclone  
  160  27:09  Viking  
  160  27:13  Battlecruiser  
  168  27:16  Siege Tank, Ghost  
  168  27:17  Marine  
  168  27:19  Viking  
  168  27:21  Ghost  
  180  27:37  Widow Mine  
  180  27:39  Viking  
  184  27:48  Medivac  
  186  28:09  Medivac  
  183  28:17  Raven  
  183  28:18  Viking  
  185  28:26  Marauder  
  186  28:35  Marauder  
  186  28:39  Viking, Nuke  
  184  28:44  Siege Tank  
  187  28:48  Viking  
  187  28:51  Raven  
  191  29:09  Viking  
  164  29:18  Viking, Marine  
  164  29:20  Marauder  
  164  29:21  Marine  
  164  29:22  Marine  
  164  29:23  Marine  
  135  29:24  Marine  
  135  29:25  Liberator  
  135  29:30  Siege Tank  
  121  29:32  Siege Tank  
  121  29:36  Ghost  
  105  29:39  Viking  
  105  29:40  Marine  
  105  29:41  Marine, Ghost, Marauder  
  105  29:42  Marine  
  100  29:48  Liberator  
  102  29:58  Marine  
  102  29:59  Marine  
  104  30:00  Marine  
  104  30:02  Ghost  
  104  30:04  Marine  
  104  30:06  Siege Tank  
  112  30:08  Battlecruiser, Viking, Widow Mine  
  112  30:09  Ghost  
  124  30:16  Marine  
  124  30:17  Marine  
  124  30:18  Marine  
  126  30:22  Marine  
  125  30:29  Siege Tank  
  125  30:31  Medivac, Marauder  
  125  30:34  Marine  
  125  30:35  Marine  
  133  30:38  Viking, Marine, Cyclone  
  133  30:40  Marine  
  133  30:41  Marine  
  140  30:53  Marine, Marauder  
  140  30:54  Marine  
  140  30:56  Marauder  
  144  30:58  Marauder  
  144  30:59  Marine  
  144  31:01  Viking  
  144  31:06  Widow Mine  
  144  31:08  Viking  
  144  31:10  Marine  
  142  31:12  Battlecruiser, Marine  
  142  31:14  Marauder  
  142  31:18  Marauder  
  153  31:19  Marine  
  153  31:22  Marine  
  154  31:28  Marine  
  154  31:31  Viking  
  154  31:32  Marine  
  158  31:38  Viking, Marine, Marauder  
  163  31:50  Hellion  
  163  31:52  Hellion  
  163  31:55  Marine  
  163  31:57  Marine  
  163  31:59  Marine  
  163  32:01  Liberator, Marine  
  135  32:02  Marine  
  135  32:03  Marine  
  121  32:08  Viking  
  121  32:13  Marine  
  121  32:15  Marine  
  103  32:16  Viking  
  103  32:17  Marine  
  103  32:18  Marine  
  103  32:21  Marine, Marauder  
  109  32:31  Marine  
  109  32:33  Marine  
  109  32:35  Marauder  
  109  32:36  Marine  
  114  32:38  Viking  
  114  32:39  Marine  
  114  32:42  Marauder  
  276  32:44  Medivac  
  119  32:46  Viking  
  119  32:49  Marine  
  123  32:56  Marine  
  124  32:58  Marine  
  124  32:59  Marine  
  124  33:00  Marine  
  127  33:07  Marine  
  127  33:08  Viking, Marine  
  130  33:14  Viking, Siege Tank, Marine  
  130  33:16  Viking  
  130  33:17  Marine, Marauder  
  136  33:21  Hellion  
  132  33:35  Command Center  
  132  33:38  Viking  
  134  33:43  Hellion  
  134  33:44  Viking  
  134  33:46  Viking, Siege Tank  
  136  34:04  Hellion  
  136  34:08  Viking  
  121  34:16  Battlecruiser, Viking  
  104  34:17  Marine  
  104  34:18  Siege Tank, Marine x2  
  104  34:19  Marine x2  
  104  34:20  Marine  
  103  34:25  Hellion  
  104  34:35  Marine  
  292  34:38  Viking  
  107  34:45  Viking  
  107  34:46  Siege Tank  
  107  34:51  Refinery, Hellion  
  114  34:55  Refinery  
  114  35:08  Viking  
  114  35:12  Hellion  
  114  35:13  Marine  
  118  35:14  Marine  
  118  35:15  Viking, Marine  
  118  35:16  Marine  
  118  35:17  Marine  
  118  35:18  Marine  
  118  35:20  Viking  
  104  35:26  Hellion  
  81  35:28  Command Center  
  81  35:31  Marine  
  81  35:32  Marine  
  81  35:33  Marine  
  81  35:34  Marine, Hellion  
  81  35:35  Marine x2  
  70  35:38  Viking  
  70  35:49  Marine  
  71  35:50  Marine  
  71  35:51  Marine  
  71  35:52  Marine  
  71  35:53  Marine x2  
  71  35:56  Siege Tank  
  79  36:07  Marine  
  79  36:18  Siege Tank  
  76  36:26  Marine  
  76  36:27  Marine  
  76  36:29  Marine  
  76  36:30  Marine  
  76  36:31  Marine  
  76  36:32  Marine  
  76  36:35  Hellion  
  44  36:44  Marine  
  44  36:45  Marine  
  40  36:47  Marine  
  40  36:48  Marine  
  40  36:49  Marine  
  40  36:51  Hellion  
  41  36:57  Hellion  
  26  37:33  Marine  
  16  37:51  Marine  
  14  38:47  Supply Depot  
Tags
 
Add a new tag
Caveats
  • Supply blocks, unpowered buildings, or Contaminate may cause inaccurate times.
  • Supply counts are checked every 10 seconds.